 Dungeon Crawl Stone Soup version 0.30-a0-347-gf58ed5266c (webtiles) character file.

Game seed: 64106672218693150

95283 mcwallace the Sorcerer (level 15, -2/86 HPs)
             Began as a Deep Elf Summoner on Nov 6, 2022.
             Was the Champion of Vehumet.
             Slain by a meliai
             ... wielding a +0 hand axe
              (6 damage)
             ... on level 14 of the Dungeon.
             The game lasted 02:10:22 (28356 turns).

mcwallace the Sorcerer (Deep Elf Summoner)         Turns: 28356, Time: 02:10:22

Health: -2/86      AC: 14    Str:  8      XL:     15   Next: 65%
Magic:  36/42      EV: 16    Int: 27 (28) God:    Vehumet [******]
Gold:   1505       SH:  4    Dex: 15      Spells: 22/56 levels left

rFire   + + +      SeeInvis .    o - +2 dagger of Wu Jian's Supremacy {pain, rF+++ Will++ Str-3 Dex-4, short}
rCold   + . .      Faith    .    m - +1 buckler {AC+3}
rNeg    . . .      Spirit   .    i - +2 robe {rC+}
rPois   .          Reflect  .    c - +0 helmet
rElec   .          Harm     .    H - +0 cloak
rCorr   .          Rampage  .    l - +2 pair of gloves
Will    +++..                    J - +0 pair of boots
Stlth   ++........               Q - amulet of magic regeneration {@e2}
HPRegen 0.34/turn                B - ring of Soliroy {Wiz Contam rF+ Str+6 Dex+4}
MPRegen 0.68/turn                j - ring of wizardry

@: on blink cooldown
A: no striking features
a: Renounce Religion


You were on level 14 of the Dungeon.
You worshipped Vehumet.
Vehumet was exalted by your worship.
You visited 3 branches of the dungeon, and saw 21 of its levels.
You also visited: Sewer, Ossuary, Bailey, Ice Cave and Volcano.

You collected 2745 gold pieces.
You spent 1240 gold pieces at shops.


   Skills:
 - Level 7.4 Fighting
 - Level 3.9 Armour
 - Level 10.0 Dodging
 - Level 2.4 Stealth
 - Level 21.2 Spellcasting
 - Level 17.3 Summonings
 - Level 4.9 Fire Magic
 + Level 10.9 Air Magic


You had 22 spell levels left.
You knew the following spells:

 Your Spells              Type           Power      Damage    Failure   Level
a - Summon Small Mammal   Summ           100%       N/A       0%          1
b - Call Canine Familiar  Summ           89%        N/A       0%          3
c - Summon Guardian Gole  Hex/Summ       66%        N/A       1%          3
d - Inner Flame           Hex/Fire       41%        N/A       1%          3
e - Mephitic Cloud        Conj/Pois/Air  48%        N/A       1%          3
f - Summon Lightning Spi  Summ/Air       81%        N/A       1%          4
g - Monstrous Menagerie   Summ           44%        N/A       1%          7
h - Blink                 Tloc           56%        N/A       1%          2
i - Summon Horrible Thin  Summ           44%        N/A       2%          8

Your spell library contained the following spells:

 Spells                   Type           Power      Damage    Failure   Level
 Iskenderun's Battlesphe  Conj           28%        2d8       6%          5
 Call Imp                 Summ           89%        N/A       0%          2
 Apportation              Tloc           56%        N/A       1%          1
 Necrotise                Necr           100%       1d9       1%          1
 Sandblast                Erth           56%        2d13      1%          1
 Slow                     Hex            100%       N/A       1%          1
 Ensorcelled Hibernation  Hex/Ice        56%        N/A       1%          2
 Passwall                 Tmut/Erth      23%        N/A       1%          2
 Confusing Touch          Hex            28%        N/A       1%          3
 Hailstorm                Conj/Ice       28%        3d8       1%          3
 Ignite Poison            Fire/Tmut/Pois 37%        N/A       1%          3
 Kindle Blastsparks       Fire/Tloc/Air  100%       2d18      1%          3
 Portal Projectile        Hex/Tloc       56%        N/A       1%          3
 Stone Arrow              Conj/Erth      56%        3d10      1%          3
 Swiftness                Air            73%        N/A       1%          3
 Vampiric Draining        Necr           28%        2d8       1%          3
 Freezing Cloud           Conj/Ice/Air   24%        6-21      1%          5
 Summon Forest            Summ/Tloc      33%        N/A       1%          5
 Fulminant Prism          Conj/Hex       14%        3d8       2%          4
 Conjure Ball Lightning   Conj/Air       27%        3x3d9     3%          6
 Ice Form                 Ice/Tmut       28%        N/A       5%          4
 Leda's Liquefaction      Hex/Erth       14%        N/A       5%          4
 Manifold Assault         Tloc           28%        N/A       5%          4
 Passage of Golubria      Tloc           28%        N/A       5%          4
 Storm Form               Tmut/Air       27%        N/A       38%         7
 Simulacrum               Ice/Necr       14%        N/A       54%         6
 Discord                  Hex            14%        N/A       100%        8
 Disjunction              Tloc           14%        N/A       100%        8

Inventory:

Hand Weapons
 o - the +2 dagger of Wu Jian's Supremacy (weapon) {pain, rF+++ Will++ Str-3 Dex-4, short}
   (You found it on level 8 of the Dungeon)

   In the hands of one skilled in necromantic magic, it inflicts extra damage on
   living creatures.
   Str:       It affects your strength (-3).
   Dex:       It affects your dexterity (-4).
   rF:        It renders you almost immune to fire.
   Will:      It greatly increases your willpower.
Missiles
 k - 13 curare-tipped darts {=fthrowing}
Armour
 c - a +0 helmet (worn)
   (You found it on level 7 of the Dungeon)
 i - a +2 robe of cold resistance (worn)
   (You took it off a reaper in an ice cave)
 l - a +2 pair of gloves (worn)
   (You found it on level 2 of the Dungeon)
 m - a +1 buckler of protection (worn)
   (You took it off a tengu warrior on level 13 of the Dungeon)
 H - a +0 cloak (worn)
   (You took it off Maurice on level 10 of the Dungeon)
 J - a +0 pair of boots (worn)
   (You found it on level 4 of the Dungeon)
Jewellery
 e - a ring of fire
   (You found it on level 12 of the Dungeon)
 f - the ring of Ympep {*Corrode rElec rC+ Str+2}
   (You took it off a reaper in an ice cave)

   [ring of protection from cold]

   Str:       It affects your strength (+2).
   rC:        It protects you from cold.
   rElec:     It insulates you from electricity.
   *Corrode:  It may corrode you when you take damage.
 j - a ring of wizardry (right hand)
   (You bought it in a shop on level 2 of the Dungeon)
 A - an amulet of reflection
   (You found it on level 3 of the Dungeon)
 B - the ring of Soliroy (left hand) {Wiz Contam rF+ Str+6 Dex+4}
   (You bought it in a shop on level 2 of the Orcish Mines)

   [ring of wizardry]

   It improves your spell success rate.
   Str:       It affects your strength (+6).
   Dex:       It affects your dexterity (+4).
   rF:        It protects you from fire.
   Contam:    It causes magical contamination when unequipped.
 I - a ring of positive energy
   (You found it on level 8 of the Dungeon)
 Q - an amulet of magic regeneration (around neck) {@e2}
   (You found it on level 3 of the Lair of Beasts)
 V - a ring of poison resistance
   (You found it on level 6 of the Dungeon)
Wands
 y - a wand of polymorph (16)
   (You found it on level 8 of the Dungeon)
 L - a wand of mindburst (6)
   (You found it on level 3 of the Lair of Beasts)
 R - a wand of roots (15)
   (You found it on level 9 of the Dungeon)
 S - a wand of paralysis (1)
   (You found it on level 10 of the Dungeon)
 W - a wand of digging (5)
   (You took it off Maurice on level 10 of the Dungeon)
Scrolls
 a - 3 scrolls of vulnerability {!r!r}
 g - a scroll of acquirement
 h - 3 scrolls of fog
 n - 10 scrolls of teleportation {@r4}
 r - 2 scrolls of summoning
 s - 6 scrolls of immolation {!r!r}
 t - 5 scrolls of fear
 u - 4 scrolls of amnesia
 C - 3 scrolls of magic mapping {!r}
 D - a scroll of brand weapon
 G - 5 scrolls of poison {!r}
 K - 2 scrolls of silence {unknown}
 O - 2 scrolls of enchant armour
 X - 2 scrolls of blinking {!r}
 Y - 3 scrolls of enchant weapon
Potions
 b - 5 potions of magic
 d - 2 potions of berserk rage {unknown}
 p - 7 potions of flight
 q - 8 potions of haste {@q3}
 v - 7 potions of curing {@q1}
 x - 3 potions of invisibility
 z - 4 potions of might
 E - 4 potions of mutation {!q}
 F - 4 potions of cancellation {unknown}
 P - 3 potions of brilliance {unknown}
 T - 7 potions of lignification {unknown}
 U - 2 potions of ambrosia {unknown}
Miscellaneous
 w - a tin of tremorstones (2/2) {throwing}
   (You found it on level 5 of the Lair of Beasts)
 M - a condenser vane
   (You found it on level 13 of the Dungeon)
 N - a phantom mirror
   (You found it on level 2 of the Lair of Beasts)

Dungeon Overview and Level Annotations

Branches:
Dungeon (14/15) Zot: 26754  Temple (0/1) D:6            Lair (5/5) D:10 Zot: 23893
 Shoals (0/4) Lair:3        Snake (0/4) Lair:2        Slime (0/5) Lair:5
    Orc (2/2) D:12 Zot: 10393     Elf (0/3) Orc:2         Sewer (visited)
Ossuary (visited)          Bailey (visited)           IceCv (visited)
Volcano (visited)
 Vaults: D:13-14

Altars:
Dithmenos
Hepliaklqana
Kikubaaqudgha
Nemelex Xobeh
Okawaru
Uskayaw
Vehumet
Wu Jian
Yredelemnul
Zin
The Shining One
Jiyva

Shops:
D:2 *!:[*   D:5 :   D:10 *::((   Orc:2 =*(*

Portals:
Pandemonium: Orc:2

.. #.. ..##.# #.y .....# . #.# #
.....## .. #§. .# ......## ...
##.# #y# .......## ..##.cy#h.
........### .§Wy#D# ..........##
.#yyy# . ...........## .#@# # ..
.#.##.#.....###.yy#. ##.y..
..#..#........###○○y ##.......
.#.##.#.........##X##X........#
#.###.#..#.#.##...XX.X##.#.#..#.#
.# #.#....#.#..#...XX# [#.#.... .
. #.#...#.#.##.#...#.# .#.#...#.
#. ##.#...#.###.#...#.# .#...#.#
#.##.#..#.###.#.....#. #.#..#.#


You could see a seven-headed hydra, a centaur warrior, a phantasmal warrior, 2
meliai, a howler monkey, 8 killer bees, a friendly tentacled monstrosity
(summoned) and 4 friendly large abominations.


Message History

The queen bee is engulfed in blazing flames.
The meliai barely misses you.
The meliai hits your tentacled monstrosity but does no damage.
The meliai stings you!
* * * LOW HITPOINT WARNING * * *
You are poisoned.
The meliai poisons you!
Your tentacled monstrosity tentacle-slaps the meliai but does no damage.
Your tentacled monstrosity tentacle-slaps the meliai.
Your tentacled monstrosity closely misses the meliai.
Your tentacled monstrosity grabs the meliai.
Your tentacled monstrosity constricts the meliai!
The meliai dies!
Vehumet accepts your kill.
The meliai hits your tentacled monstrosity with a +0 war axe.
The meliai completely misses your tentacled monstrosity. 😨 HP[+7] MP[+1]
You regained 7 hp, and now have 27/86 hp.
Casting: Summon Horrible Things (dangerous; 2% risk of failure)
Confirm with . or Enter, or press ? or * to list all spells.
You blink.
A seven-headed hydra, a phantasmal warrior and 3 killer bees come into view.
The killer bee buzzes angrily. x2
* * * LOW HITPOINT WARNING * * *
You feel very sick. The killer bee closely misses you.
A howler monkey comes into view.
The meliai is engulfed in blazing flames.
A centaur warrior comes into view.
The phantasmal warrior gestures at you.
The phantasmal warrior blinks!
The queen bee is engulfed in blazing flames.
The queen bee calls on the killer bee to defend it!
The killer bee goes berserk!
The meliai is engulfed in blazing flames.
The meliai hits you with a +0 hand axe!
* * * LOW HITPOINT WARNING * * *
The meliai closely misses you.
A killer bee comes into view.
The killer bee stings you.
* * * LOW HITPOINT WARNING * * *
You are more poisoned.
The killer bee poisons you!
The killer bee moves out of view.
You hear an angry buzzing noise. 😱 HP[-23] MP[-1]
You take 23 damage, and now have 4/86 hp.
MASSIVE DAMAGE!! (PAUSE)
You lost 1 mp, and now have 34/42 mp.
You feel much better.
* * * LOW HITPOINT WARNING * * *
You feel very sick.
You hear a shout!
The killer bee barely misses you.
The meliai is engulfed in blazing flames.
The meliai hits you with a +0 hand axe.
* * * LOW HITPOINT WARNING * * *
The meliai misses you. The killer bee misses you.
A killer bee comes into view.
The killer bee stings you.
* * * LOW HITPOINT WARNING * * *
The meliai is engulfed in blazing flames.
The meliai hits you but does no damage. The meliai stings you.
* * * LOW HITPOINT WARNING * * *
You are more poisoned.
The meliai poisons you! The phantasmal warrior gestures at you.
The phantasmal warrior blinks!
The queen bee is engulfed in blazing flames.
The killer bee barely misses you.
The meliai is engulfed in blazing flames.
The meliai misses you. You block the meliai's attack.
You block the killer bee's attack.
A killer bee comes into view.
The killer bee barely misses you. 😱 HP[+6]
You regained 6 hp, and now have 10/86 hp.
You feel better. The killer bee closely misses you.
The meliai is engulfed in blazing flames.
The meliai misses you.
The meliai stings you but does no damage.
The killer bee closely misses you.
A killer bee comes into view.
The meliai mumbles some strange prayers to its god against you.
Something smites you!
* * * LOW HITPOINT WARNING * * *
You block the killer bee's attack. The killer bee misses you.
You block the killer bee's attack.
The meliai is engulfed in blazing flames.
The meliai barely misses you. The meliai misses you.
The phantasmal warrior gestures at you.
The phantasmal warrior blinks!
The queen bee is engulfed in blazing flames.
You kill the queen bee!
Vehumet accepts your kill.
You feel your power returning.
The meliai is engulfed in blazing flames.
The meliai hits you with a +0 hand axe.
* * * LOW HITPOINT WARNING * * *
The meliai stings you.
You die...

Skill      XL: |  1  2  3  4  5  6  7  8  9 10 11 12 13 14 15 |
---------------+----------------------------------------------+-----
Dodging        | 3 4 5 7 8 10 | 10.0
Fighting       | 1 2 3 4 5 7 |  7.4
Spellcasting   | 4 5 6 8 9 10 12 16 19 21 | 21.2
Summonings     | 5 6 7 9 10 14 16 17 | 17.3
Fire Magic     | 4 |  4.9
Armour         | 2 3 |  3.9
Air Magic      | 4 8 10 | 10.9
Stealth        | |  2.4

Action                   |  1- 3 |  4- 6 |  7- 9 | 10-12 | 13-15 || total
-------------------------+-------+-------+-------+-------+-------++-------
Melee: Unarmed           |     1 |       |       |       |       ||     1
       Dagger            |    20 |       |       |   121 |    83 ||   224
       Short sword       |     4 |    52 |   120 |     5 |       ||   181
       Punch             |       |     1 |     2 |     2 |     2 ||     7
 Fire: Sling             |     1 |    85 |       |       |       ||    86
 Cast: Summon Small Mamm |    38 |    19 |     5 |     1 |       ||    63
       Call Canine Famil |     5 |    22 |    34 |    46 |    10 ||   117
       Summon Guardian G |       |     7 |    24 |    11 |     1 ||    43
       Inner Flame       |       |       |     4 |    13 |    13 ||    30
       Summon Lightning  |       |       |       |    17 |     8 ||    25
       Mephitic Cloud    |       |       |       |     9 |       ||     9
       Monstrous Menager |       |       |       |    67 |    37 ||   104
       Blink             |       |       |       |     2 |     2 ||     4
       Summon Horrible T |       |       |       |       |   103 ||   103
Evoke: Wand              |       |       |     1 |    12 |       ||    13
  Use: Scroll            |       |       |     9 |    13 |     2 ||    24
       Potion            |       |       |       |     2 |     5 ||     7
 Stab: Sleeping          |     4 |       |       |       |       ||     4
       Distracted        |       |       |     2 |     2 |       ||     4
       Confused          |       |       |       |     1 |     1 ||     2
       Paralysed         |       |       |       |     1 |       ||     1
Armor: Robe              |    10 |    39 |    20 |    25 |    72 ||   166
       Leather armour    |       |       |       |    17 |     9 ||    26
Dodge: Dodged            |    21 |    75 |    83 |   188 |   135 ||   502
Block: Other             |       |    15 |    38 |    67 |     7 ||   127
       Reflection        |       |       |     4 |     5 |     1 ||    10
       Buckler           |       |       |       |       |     6 ||     6

Levels and vault maps discovered:
D:1:      onia_arrival_mini_maze_b, layout_basic, serial_forest,
          infiniplex_forest_lined_2, infiniplex_forest_straight_4,
          infiniplex_forest_fountain, infiniplex_forest_straight_4,
          infiniplex_forest_end_2, infiniplex_forest_split,
          infiniplex_forest_fountain, infiniplex_forest_clump_curved,
          infiniplex_forest_diagonal
D:2:      layout_basic, serial_shops, nicolae_shop_overgrown_old_shop, shop,
          nicolae_shop_behind_doors, nicolae_shop_behind_doors, shop,
          st_stairs_9
D:3:      layout_basic, marbit_many_paths, vehumet_statue,
          gup_sewer_entry_glass, amethyst_killhole, kennysheep_cluttered_room
D:4:      layout_rooms, riverfiend_overflow_shadow_ancestor, enter_ossuary_1,
          kennysheep_generic_room_16
D:5:      layout_basic, grunt_temple_overflow_holy_war,
          chequers_temple_overflow_minitemple, minmay_misc_feat_five,
          solitary_fountain, nrook_mini_backslash, nicolae_shop_vocational,
          uniq_crazy_yiuf_cottage
D:6:      layout_loops_corners, minmay_temple_entry_mini_moons,
          minmay_misc_feat_chi
D:7:      layout_basic, dancing_weapons_uskayaw, lightli_minifort, uniq_maggie
D:8:      layout_rooms, nemelex_diamond_rough_becter
D:9:      dragon1_lemuel, layout_loops_ring, enter_bailey_5
D:10:     layout_loops_ring, lair_entry_dummy, serial_shops,
          nicolae_stop_n_shop_2, shop_fountains,
          nicolae_shop_bloodbath_and_beyond, nicolae_shop_hallway_plus,
          nicolae_shop_advertising_works [nicolae_subvault_shop_adworks],
          dreamdust_princess_bridge, uniq_maurice
D:11:     layout_layer_cave
D:12:     minmay_blocky_corners, layout_loops_corners, zombieorc2_lemuel,
          uniq_lodul, uniq_frances, uniq_sonja
D:13:     layout_cave_pools
D:14:     regret_index_bee_streams, layout_basic, grunt_vaults_entry_tiered,
          evilmike_ruin_ashenzari, minmay_misc_feat_more_columns,
          dreamdust_wishing_well
Lair:1:   layout_regular_city, uniq_amaemon
Lair:2:   layout_misc_corridors, minmay_snake_entry_guardpost_medium
Lair:3:   layout_gridlike, shoals_dummy_entry, lightli_volcano_entry_magma_tube
Lair:4:   layout_gridlike, portal_ice_cave_entry_imps, st_stairs_9,
          grunt_megastairs_1
Lair:5:   grunt_lair_end_beastmaster, layout_cave_shapes, slime_entry_1,
          minmay_lindwurm_lava, infiniplex_staircase_pool, serial_bayou_shore_a,
          uniq_josephine
Orc:1:    layout_diamond_mine, uniq_fannar, uniq_erica
Orc:2:    pf_orc_diabolical, layout_caves

Notes
Turn   | Place    | Note
-------+----------+-------------------------------------------
     0 | D:1      | mcwallace the Deep Elf Summoner began the quest for the
                  | Orb.
     0 | D:1      | Reached XP level 1. HP: 10/10 MP: 6/6
     0 | D:1      | magus.rc [v1.9.6]
   238 | D:1      | Reached XP level 2. HP: 16/16 MP: 5/8
   990 | D:1      | Reached skill level 3 in Dodging
  1304 | D:2      | Reached skill level 1 in Fighting
  1304 | D:2      | Reached XP level 3. HP: 10/20 MP: 7/10
  1308 | D:2      | Learned a level 3 spell: Call Canine Familiar
  1452 | D:2      | Found Hunua's General Store.
  1482 | D:2      | Found Fucu's Armour Shop.
  1547 | D:2      | Found Irufof's Book Boutique.
  1688 | D:2      | You pick up a book of Callings and begin reading...
  1795 | D:2      | Found Lenkiz's Distillery.
  2193 | D:2      | Found Zywnobb Yvou's Assorted Antiques.
  2352 | D:2      | Reached XP level 4. HP: 25/25 MP: 7/11
  2604 | D:3      | Found a glowing drain.
  2627 | D:3      | Reached skill level 4 in Spellcasting
  2634 | Sewer    | Entered a sewer
  2682 | Sewer    | Reached skill level 5 in Summonings
  3032 | Sewer    | Reached XP level 5. HP: 30/30 MP: 8/13
  3127 | Sewer    | Reached skill level 4 in Dodging
  3193 | Sewer    | Reached skill level 2 in Fighting
  3905 | D:3      | Found a radiant altar of Vehumet.
  3905 | D:3      | Noticed a frost-covered statue
  3927 | D:3      | Killed a frost-covered statue
  3933 | D:3      | Became a worshipper of Vehumet
  4041 | D:3      | Found an ancient bone altar of Kikubaaqudgha.
  4320 | D:3      | You pick up a book of Cantrips and begin reading...
  4320 | D:3      | You add the spells Necrotise and Apportation to your
                  | library.
  4327 | D:3      | Learned a level 3 spell: Summon Guardian Golem
  4413 | D:4      | Reached XP level 6. HP: 34/35 MP: 15/15
  4415 | D:4      | Reached skill level 5 in Spellcasting
  4424 | D:4      | Found a hazy altar of Hepliaklqana.
  4425 | D:4      | Found a shadowy altar of Dithmenos.
  4425 | D:4      | Noticed a shadow
  4627 | D:4      | Found a sand-covered staircase.
  4636 | Ossuary  | Entered an ossuary
  4689 | Ossuary  | Reached * piety under Vehumet
  4689 | Ossuary  | Offered knowledge of Shock by Vehumet.
  5043 | Ossuary  | Reached skill level 5 in Dodging
  5043 | Ossuary  | Reached skill level 6 in Summonings
  5043 | Ossuary  | Reached XP level 7. HP: 21/40 MP: 13/17
  5212 | Ossuary  | Offered knowledge of Magic Dart by Vehumet.
  5213 | Ossuary  | Reached skill level 3 in Fighting
  5220 | Ossuary  | Reached ** piety under Vehumet
  5221 | Ossuary  | Reached skill level 6 in Spellcasting
  5778 | D:5      | Entered Level 5 of the Dungeon
  6006 | D:5      | Found Kimneike's Vocational Training.
  6060 | D:5      | Reached XP level 8. HP: 47/47 MP: 17/20
  6069 | D:5      | Reached skill level 6 in Dodging
  6207 | D:5      | Reached skill level 7 in Spellcasting
  6300 | D:5      | Reached skill level 7 in Summonings
  6317 | D:5      | Reached skill level 4 in Fighting
  6360 | D:5      | Offered knowledge of Inner Flame by Vehumet.
  6636 | D:5      | Found a glowing golden altar of the Shining One.
  6638 | D:5      | Noticed an angel
  6641 | D:5      | Found a basalt altar of Yredelemnul.
  6644 | D:5      | Noticed a profane servitor
  6719 | D:5      | Found a glowing silver altar of Zin.
  6719 | D:5      | Found an iron altar of Okawaru.
  6726 | D:5      | Found an ornate altar of the Wu Jian Council.
  6728 | D:5      | Found a faded altar of an unknown god.
  6730 | D:5      | Found a faded altar of an unknown god.
  7147 | D:6      | Reached skill level 7 in Dodging
  7175 | D:6      | Found a staircase to the Ecumenical Temple.
  7414 | D:6      | Reached skill level 8 in Spellcasting
  7417 | D:6      | HP: 12/48 [poisoned by a water moccasin]
  7702 | D:6      | Reached XP level 9. HP: 21/52 MP: 20/23
  8212 | D:7      | Found a hide-covered altar of Uskayaw.
  8214 | D:7      | Noticed a +0 dagger
  8214 | D:7      | Noticed a +0 dagger
  8321 | D:7      | Reached skill level 8 in Summonings
  8522 | D:7      | Reached skill level 5 in Fighting
  8652 | D:7      | Noticed Maggie
  8663 | D:7      | Killed Maggie
  8664 | D:7      | Reached skill level 8 in Dodging
  8664 | D:7      | Reached skill level 9 in Spellcasting
  8800 | D:7      | Reached *** piety under Vehumet
  9017 | D:7      | Learned a level 3 spell: Inner Flame
  9392 | D:7      | Noticed a gargoyle
  9418 | D:7      | Killed a gargoyle
  9724 | D:8      | Reached skill level 9 in Summonings
  9938 | D:8      | Offered knowledge of Mephitic Cloud by Vehumet.
  9966 | D:8      | Reached XP level 10. HP: 45/60 MP: 20/25
  9987 | D:8      | Reached skill level 9 in Dodging
 10156 | D:8      | Found a sparkling altar of Nemelex Xobeh.
 10174 | D:8      | Identified the +2 dagger of Wu Jian's Supremacy {pain,
                  | rF+++ Will++ Str-3 Dex-4}
 10283 | D:8      | Reached skill level 6 in Fighting
 10540 | D:9      | Reached skill level 10 in Spellcasting
 10554 | D:9      | HP: 14/60 [poisoned by a killer bee]
 10559 | D:9      | HP: 8/60 [poisoned by a killer bee]
 10559 | D:9      | HP: 2/60 [killer bee (6)]
 10567 | D:9      | HP: 15/60 [poisoned by a killer bee]
 10581 | D:9      | HP: 12/60 [killer bee (6)]
 10587 | D:9      | HP: 11/60 [something/ball of steam (2)]
 10598 | D:9      | HP: 13/60 [something/ball of steam (2)]
 10679 | D:9      | Reached **** piety under Vehumet
 10718 | D:9      | Found a flagged portal.
 10769 | D:9      | You pick up a book of Burglary and begin reading...
 10769 | D:9      | You add the spells Passwall, Ensorcelled Hibernation and
                  | Swiftness to your library.
 10775 | Bailey   | Entered a bailey
 10842 | Bailey   | Learned a level 3 spell: Mephitic Cloud
 10847 | Bailey   | Learned a level 4 spell: Summon Lightning Spire
 10849 | Bailey   | Offered knowledge of Yara's Violent Unravelling by Vehumet.
 10931 | Bailey   | Reached skill level 1 in Fire Magic
 11068 | Bailey   | Reached skill level 2 in Fire Magic
 11115 | Bailey   | Acquired 271 gold pieces
 11269 | Bailey   | Reached skill level 10 in Dodging
 11269 | Bailey   | Reached skill level 3 in Fire Magic
 11484 | Bailey   | Found an iron altar of Okawaru.
 11512 | Bailey   | Reached skill level 7 in Fighting
 11620 | Bailey   | Identified the +8 plate armour of the Volcano {rPois}
 11655 | Bailey   | Acquired Ufemasti's Verses on the Jaunt and Calling
 11656 | Bailey   | You add the spells Manifold Assault, Summon Forest,
                  | Monstrous Menagerie and Summon Horrible Things to your
                  | library.
 11720 | Bailey   | Reached skill level 4 in Fire Magic
 12221 | D:9      | Reached ***** piety under Vehumet
 12504 | D:9      | Offered knowledge of Fireball by Vehumet.
 12665 | D:9      | Noticed a fire dragon
 12690 | D:9      | Learned a level 7 spell: Monstrous Menagerie
 12708 | D:9      | Noticed a two-headed ogre
 12718 | D:9      | Killed a fire dragon
 12719 | D:9      | Reached skill level 10 in Summonings
 12719 | D:9      | Reached XP level 11. HP: 67/67 MP: 5/27
 12723 | D:9      | Killed a two-headed ogre
 13354 | D:2      | Bought 2 scrolls of identify for 72 gold pieces
 13354 | D:2      | Bought a scroll of identify for 36 gold pieces
 13533 | D:2      | Bought a ring of wizardry for 360 gold pieces
 13681 | D:10     | Entered Level 10 of the Dungeon
 13681 | D:10     | Found Udeacusk's Book Emporium.
 13730 | D:10     | Reached skill level 11 in Summonings
 13830 | D:10     | Identified the +2 ring mail "Wiewn" {Str+2 Stlth+}
 13891 | D:10     | Found a staircase to the Lair.
 13908 | D:10     | You pick up a book of Geomancy and begin reading...
 13908 | D:10     | You add the spells Sandblast and Stone Arrow to your
                  | library.
 13930 | D:10     | Found Eneemut's Book Shop.
 13934 | D:10     | Noticed Maurice
 13951 | D:10     | Killed Maurice
 14239 | D:10     | Found Ofod's General Store.
 14368 | D:10     | You fall into a shaft and drop 1 floor!
 14435 | D:11     | You add the spells Blink and Storm Form to your library.
 14581 | D:10     | Found Zayf's Antique Weapon Boutique.
 14663 | D:10     | Found Ifaef's Weapon Shop.
 15034 | Lair:1   | Entered Level 1 of the Lair of Beasts
 15034 | Lair:1   | Noticed Amaemon
 15053 | D:10     | Reached skill level 12 in Summonings
 15379 | D:10     | Learned a level 2 spell: Blink
 15385 | Lair:1   | Killed Amaemon
 15386 | Lair:1   | Reached skill level 13 in Summonings
 15586 | Lair:1   | Reached skill level 14 in Summonings
 15601 | Lair:1   | Reached XP level 12. HP: 36/72 MP: 13/28
 15860 | Lair:1   | Reached skill level 15 in Summonings
 16180 | Lair:1   | Identified the +10 trident "Fos Buddo" {vorpal, *Corrode
                  | Fly Int+2}
 16418 | Lair:1   | Identified the +2 scale mail "Osof" {Harm Str-4 Int+5}
 16841 | Lair:2   | Reached skill level 11 in Spellcasting
 17056 | Lair:2   | Reached skill level 1 in Armour
 17056 | Lair:2   | Reached skill level 16 in Summonings
 17074 | Lair:2   | Offered knowledge of Iron Shot by Vehumet.
 17462 | Lair:2   | Found a staircase to the Snake Pit.
 17670 | Lair:2   | You fall into a shaft and drop 2 floors!
 17680 | Lair:4   | HP: 16/72 [yak (4)]
 17685 | Lair:4   | HP: 12/72 [poisoned by a black mamba]
 17686 | Lair:5   | Entered Level 5 of the Lair of Beasts
 17769 | Lair:5   | Noticed Josephine
 17776 | Lair:5   | Killed Josephine
 17777 | Lair:5   | Reached skill level 2 in Armour
 17780 | Lair:5   | Reached skill level 12 in Spellcasting
 18111 | Lair:4   | Noticed a four-headed hydra
 18119 | Lair:4   | HP: 17/72 [white imp (2)]
 18123 | Lair:4   | Reached XP level 13. HP: 11/76 MP: 15/31
 18151 | Lair:4   | Reached skill level 3 in Armour
 18158 | Lair:4   | Reached skill level 13 in Spellcasting
 18307 | Lair:4   | Found a frozen archway.
 18318 | Lair:4   | Reached skill level 17 in Summonings
 18328 | Lair:4   | You pick up a book of the Hunter and begin reading...
 18328 | Lair:4   | You add the spells Portal Projectile and Leda's
                  | Liquefaction to your library.
 18334 | IceCv    | Entered an ice cave
 18447 | IceCv    | Learned a level 8 spell: Summon Horrible Things
 18776 | IceCv    | Offered knowledge of Eringya's Noxious Bog by Vehumet.
 18845 | IceCv    | Identified the ring of Ympep {*Corrode rElec rC+ Str+2}
 18845 | IceCv    | Noticed a reaper
 18852 | IceCv    | Killed a reaper
 19243 | IceCv    | You pick up a book of the Tundra and begin reading...
 19243 | IceCv    | You add the spells Hailstorm, Ice Form and Simulacrum to
                  | your library.
 19392 | Lair:4   | Reached skill level 14 in Spellcasting
 19395 | Lair:4   | Reached skill level 1 in Air Magic
 19545 | Lair:4   | Reached skill level 2 in Air Magic
 19757 | Lair:3   | Found a staircase to the Shoals.
 19765 | Lair:3   | Reached skill level 15 in Spellcasting
 19825 | Lair:3   | Reached skill level 3 in Air Magic
 20036 | Lair:3   | Found a dark tunnel.
 20045 | Volcano  | Entered a volcano
 20289 | Volcano  | Found a burning altar of Makhleb.
 20295 | Volcano  | Reached skill level 4 in Air Magic
 20303 | Volcano  | Reached skill level 16 in Spellcasting
 20325 | Volcano  | Reached XP level 14. HP: 82/82 MP: 20/36
 21292 | Lair:4   | Identified the +1 leather armour "Loarph" {Str+5}
 21798 | Lair:5   | Reached skill level 5 in Air Magic
 21922 | Lair:5   | Reached skill level 17 in Spellcasting
 21989 | Lair:5   | Found a viscous altar of Jiyva.
 21992 | Lair:5   | Found a staircase to the Slime Pits.
 22185 | Lair:5   | Reached skill level 6 in Air Magic
 22242 | Lair:5   | You add the spells Kindle Blastsparks, Ignite Poison and
                  | Freezing Cloud to your library.
 22315 | Lair:5   | Reached skill level 18 in Spellcasting
 22389 | Lair:5   | Reached ****** piety under Vehumet
 22771 | Lair:5   | You pick up a book of Chaos and begin reading...
 22771 | Lair:5   | You add the spells Conjure Ball Lightning, Disjunction and
                  | Discord to your library.
 24013 | D:12     | Offered knowledge of Lightning Bolt by Vehumet.
 24042 | D:12     | Reached skill level 7 in Air Magic
 24097 | D:12     | Found a staircase to the Orcish Mines.
 24151 | Orc:1    | Entered Level 1 of the Orcish Mines
 24326 | Orc:1    | Reached skill level 19 in Spellcasting
 24326 | Orc:1    | Noticed Fannar
 24344 | Orc:1    | Killed Fannar
 24555 | Orc:2    | Entered Level 2 of the Orcish Mines
 24851 | Orc:2    | Offered knowledge of Ozocubu's Refrigeration by Vehumet.
 24879 | Orc:2    | Found Lutyr's General Store.
 24889 | Orc:2    | Found Lyunnapn's General Store.
 25002 | Orc:2    | Found a staircase to the Elven Halls.
 25282 | Orc:2    | Reached skill level 8 in Air Magic
 25324 | Orc:2    | Reached XP level 15. HP: 61/86 MP: 28/40
 25363 | Orc:2    | Reached skill level 20 in Spellcasting
 25588 | Orc:2    | Found Remiude's Antique Weapon Boutique.
 25588 | Orc:2    | Found Edonayf's Jewellery Shop.
 25589 | Orc:2    | Found a one-way gate leading to the halls of Pandemonium.
 25679 | Orc:2    | Bought the ring of Soliroy {Wiz Contam rF+ Str+6 Dex+4} for
                  | 772 gold pieces
 25683 | Orc:2    | magus.rc [v1.9.6]
 26342 | D:12     | Noticed Lodul
 26345 | D:12     | Killed Lodul
 26398 | D:12     | Noticed Frances
 26406 | D:12     | Killed Frances
 26637 | D:12     | Noticed Sonja
 26643 | D:12     | Reached skill level 9 in Air Magic
 26646 | D:12     | Killed Sonja
 26657 | D:12     | You add the spells Fulminant Prism and Passage of Golubria
                  | to your library.
 26657 | D:12     | Got Weajeschir's Witchcraft in Simple Steps
 27147 | D:13     | Offered knowledge of Iskenderun's Battlesphere by Vehumet.
 27148 | D:13     | Reached skill level 21 in Spellcasting
 27663 | D:13     | You pick up a book of Debilitation and begin reading...
 27663 | D:13     | You add the spells Slow, Vampiric Draining and Confusing
                  | Touch to your library.
 28123 | D:14     | Reached skill level 10 in Air Magic
 28352 | D:14     | HP: 20/86 [meliai/+0 war axe (27)]
 28354 | D:14     | HP: 9/86 [meliai/+0 hand axe (12)]
 28354 | D:14     | HP: 4/86 [killer bee (5)]
 28356 | D:14     | Slain by a meliai

Vanquished Creatures
  A centaur warrior (D:14)
  A black mamba (Lair:1)
  2 anaconda simulacra (IceCv)
  A queen bee (D:14)
  A steam dragon (D:9)
  A water moccasin (D:6)
  A hydra simulacrum (IceCv)
  4 orc warriors
  A phantom (D:6)
  An elf zombie (Ossuary)
  A wight (D:9)
  3 killer bees (D:9)
  8 electric eels
  A jelly (D:8)
  3 orc priests
  3 orc wizards
  2 troll simulacra (IceCv)
  2 ogre zombies (D:12)
  2 gnolls (Bailey)
  3 adders
  3 river rats (Sewer)
  A white imp (Lair:4)
  An adder zombie (Ossuary)
  A worm (Sewer)
  11 orcs
  2 ball pythons
  5 bats
  An endoplasm (D:1)
  2 giant cockroaches
  6 goblins
  8 hobgoblins
  A jackal (D:3)
  4 kobolds
  2 quokkas
  3 frilled lizards
  A gnoll zombie (Ossuary)
  A goblin skeleton (D:12)
  A goblin zombie (Ossuary)
  A hobgoblin zombie (Ossuary)
  A kobold zombie (Ossuary)
  4 orc zombies
  2 quokka zombies (Ossuary)
  2 rats
  2 rat zombies (Ossuary)
108 creatures vanquished.

Vanquished Creatures (collateral kills)
  Frances (D:12)
  A reaper (IceCv)
  A dire elephant (Lair:5)
  Josephine (Lair:5)
  A fire dragon (D:9)
  2 hydras (Lair:4)
  Fannar (Orc:1)
  2 catoblepae
  An ogre mage (Volcano)
  2 demonspawn (Orc:2)
  6 centaur warriors
  6 two-headed ogres
  4 boulder beetles
  8 death yaks (Lair:5)
  A deep troll shaman (Lair:5)
  4 tengu warriors (D:13)
  A hell knight (Volcano)
  Sonja (D:12)
  5 orc high priests (Orc:2)
  Amaemon (Lair:1)
  Lodul (D:12)
  4 lindwurms (Lair:5)
  5 orc knights
  A necromancer (D:12)
  8 orc sorcerers
  3 ugly things
  A nameless horror (Lair:4)
  7 elephants
  3 manticores
  Maurice (D:10)
  4 cyclopes
  2 orange demons
  2 ice statues (IceCv)
  7 black mambas
  A molten gargoyle (Volcano)
  A smoke demon (Orc:2)
  9 cane toads
  3 unseen horrors
  5 rime drakes
  5 kobold demonologists
  An efreet (D:14)
  A hellwing (Orc:2)
  2 tengu conjurers (D:13)
  10 komodo dragons
  6 ice devils (IceCv)
  An anaconda simulacrum (IceCv)
  4 trolls
  A polar bear (Lair:5)
  A meliai (D:14)
  7 dream sheep (Lair:4)
  18 blink frogs
  A slime creature (D:14)
  5 shadows
  7 wyverns
  6 wraiths
  29 yaks
  8 fire bats (Volcano)
  7 basilisks
  A neqoxec (Orc:2)
  A steam dragon (D:7)
  4 vampire mosquitoes (D:11)
  4 nagas (Lair:2)
  A death yak simulacrum (IceCv)
  An acid dragon (shapeshifter) (D:14)
  A two-headed ogre zombie (D:12)
  4 acid dragons
  18 water moccasins
  33 orc warriors
  5 black bears
  An ice beast (D:7)
  8 centaurs
  8 ogres
  21 wolves
  A phantom (D:5)
  2 elf zombies (Ossuary)
  4 kobold brigands
  14 bullfrogs
  A gnoll sergeant (D:11)
  2 scorpions
  A cane toad simulacrum (IceCv)
  4 two-headed ogre simulacra (IceCv)
  3 wights (D:9)
  A troll zombie (D:12)
  An elephant simulacrum (IceCv)
  29 killer bees
  4 howler monkeys (D:10)
  7 lava snakes (Volcano)
  A centaur zombie (Ossuary)
  3 hounds
  A human zombie (Ossuary)
  19 orc priests
  2 gnoll boudas
  3 iguanas
  17 orc wizards
  A polar bear simulacrum (IceCv)
  2 spriggan simulacra (IceCv)
  A statue (D:3)
  2 troll simulacra (IceCv)
  A wolf simulacrum (IceCv)
  4 ogre zombies (D:12)
  A hound zombie (Ossuary)
  3 mummies (Ossuary)
  8 adders
  13 gnolls
  3 river rats (Sewer)
  13 white imps
  3 ufetubi
  2 adder zombies (Ossuary)
  A worm (Sewer)
  46 orcs
  8 ball pythons
  9 bats
  8 endoplasms
  3 giant cockroaches
  11 goblins
  8 hobgoblins
  5 jackals
  2 quokkas
  7 frilled lizards
  A gnoll zombie (Ossuary)
  A goblin skeleton (D:12)
  7 goblin zombies
  5 hobgoblin zombies
  19 kobolds
  A kobold zombie (Ossuary)
  4 orc skeletons (D:12)
  12 orc zombies
  2 quokka zombies (Ossuary)
  3 rats
  2 rat zombies (Ossuary)
691 creatures vanquished.

Vanquished Creatures (others)
  A two-headed ogre (D:9)
  A wizard (D:12)
  A gargoyle (D:7)
  Maggie (D:7)
  An orc warrior (Bailey)
  3 ogres
  2 centaurs
  A scorpion (D:5)
  A wight (D:9)
  2 killer bees (D:9)
  2 iguanas (D:5)
  2 gnolls
  2 orcs
  2 goblins (D:9)
  18 fungi
  42 plants
82 creatures vanquished.

Grand Total: 881 creatures vanquished

Table legend:
 A = Non-vault XP
 B = Vault XP
 C = Vault XP percentage of total XP
 D = Non-vault monster count
 E = Vault monster count
 F = Vault count percentage of total count
                 A         B        C        D         E       F
            +---------+---------+-------+---------+---------+-------
      Total |   72566 |   63881 |  46.8 |     449 |     368 |  45.0
            +---------+---------+-------+---------+---------+-------
        D:1 |      39 |       0 |   0.0 |      22 |       0 |   0.0
        D:2 |      55 |       3 |   5.2 |      18 |       2 |  10.0
        D:3 |      29 |      38 |  56.7 |      17 |       4 |  19.0
        D:4 |     231 |      49 |  17.5 |      15 |       4 |  21.1
        D:5 |     909 |       0 |   0.0 |      22 |       0 |   0.0
        D:6 |     965 |       0 |   0.0 |      16 |       0 |   0.0
        D:7 |    1509 |     550 |  26.7 |      21 |       5 |  19.2
        D:8 |     667 |       0 |   0.0 |      26 |       0 |   0.0
        D:9 |    2992 |     821 |  21.5 |      35 |       5 |  12.5
       D:10 |    3724 |     503 |  11.9 |      35 |       1 |   2.8
       D:11 |    2607 |       0 |   0.0 |      17 |       0 |   0.0
       D:12 |    6608 |    6874 |  51.0 |      15 |      48 |  76.2
       D:13 |    9371 |       0 |   0.0 |      14 |       0 |   0.0
       D:14 |    1554 |    6355 |  80.4 |       7 |      29 |  80.6
     Lair:1 |    9680 |    1208 |  11.1 |      35 |       2 |   5.4
     Lair:2 |    2954 |     664 |  18.4 |      17 |       4 |  19.0
     Lair:3 |    4967 |       0 |   0.0 |      20 |       0 |   0.0
     Lair:4 |    8146 |    1964 |  19.4 |      35 |      17 |  32.7
     Lair:5 |   11646 |   11408 |  49.5 |      33 |      23 |  41.1
      Orc:1 |    3019 |     883 |  22.6 |      17 |       1 |   5.6
      Orc:2 |     894 |   15216 |  94.5 |      12 |      62 |  83.8
      Sewer |       0 |     183 | 100.0 |       0 |      33 | 100.0
    Ossuary |       0 |     499 | 100.0 |       0 |      35 | 100.0
     Bailey |       0 |    2679 | 100.0 |       0 |      39 | 100.0
      IceCv |       0 |    6127 | 100.0 |       0 |      31 | 100.0
    Volcano |       0 |    7857 | 100.0 |       0 |      23 | 100.0
            +---------+---------+-------+---------+---------+-------

Illustrated notes

Table legend:
 A = Kills in this place as a percentage of kills in entire the game.
 B = Kills by you in this place as a percentage of kills by you in the entire game.
 C = Kills by friends in this place as a percentage of kills by friends in the entire game.
 D = Other kills in this place as a percentage of other kills in the entire game.
 E = Experience gained in this place as a percentage of experience gained in the entire game.
 F = Experience gained in this place divided by the number of levels of this place that you have seen.
                   A       B       C       D       E      F
               +-------+-------+-------+-------+-------+----------------------
         Total | 100.0 | 100.0 | 100.0 | 100.0 | 100.0 | 5248.0
       Dungeon |  46.3 |  57.9 |  43.2 |  90.0 |  34.0 | 3318.1
          Lair |  22.8 |   1.9 |  26.7 |   0.0 |  38.6 | 10527.4
  Orcish Mines |  11.3 |   4.7 |  12.6 |   0.0 |  14.7 | 10006.0
         Sewer |   4.0 |   8.4 |   3.5 |   0.0 |   0.1 | 183.0
       Ossuary |   4.3 |  10.3 |   3.5 |   0.0 |   0.4 | 499.0
        Bailey |   4.8 |  12.1 |   3.5 |  10.0 |   2.0 | 2679.0
      Ice Cave |   3.8 |   4.7 |   3.8 |   0.0 |   4.5 | 6127.0
       Volcano |   2.8 |   0.0 |   3.3 |   0.0 |   5.8 | 7857.0
               +-------+-------+-------+-------+-------+----------------------

Table legend: (Time is in decaauts)
 A = Elapsed time spent in this place.
 B = Non-inter-level travel time spent in this place.
 C = Inter-level travel time spent in this place.
 D = Time resting spent in this place.
 E = Time spent auto-exploring this place.
 F = Levels seen in this place.
 G = Mean time per level.
                   A        B        C        D        E       F      G
               +--------+--------+--------+--------+--------+-----+--------+
         Total |  28658 |  27164 |   1494 |   1292 |  17695 |  26 | 1102.2 |
       Dungeon |  16552 |  15410 |   1142 |    696 |  10702 |  14 | 1182.3 |
          Lair |   6106 |   5871 |    235 |    286 |   3758 |   5 | 1221.2 |
  Orcish Mines |   1607 |   1492 |    115 |      0 |   1050 |   2 |  803.5 |
         Sewer |   1068 |   1068 |      0 |      0 |    614 |   1 | 1068.0 |
       Ossuary |    653 |    653 |      0 |     42 |    288 |   1 |  653.0 |
        Bailey |   1208 |   1208 |      0 |     57 |    735 |   1 | 1208.0 |
      Ice Cave |   1025 |   1025 |      0 |    103 |    447 |   1 | 1025.0 |
       Volcano |    436 |    436 |      0 |    108 |     99 |   1 |  436.0 |
               +--------+--------+--------+--------+--------+-----+--------+

Top non-repeatable levels by time:
    D:12: 1845 daAuts
     D:7: 1592 daAuts
    D:10: 1569 daAuts
     D:2: 1530 daAuts
  Lair:5: 1465 daAuts
     D:9: 1446 daAuts
  Lair:1: 1416 daAuts
     D:6: 1309 daAuts
     D:1: 1244 daAuts
  Bailey: 1208 daAuts
    D:11: 1205 daAuts
   Orc:2: 1184 daAuts
     D:5: 1141 daAuts
  Lair:2: 1117 daAuts
  Lair:4: 1091 daAuts
